 Dungeon Crawl Stone Soup version 0.18-a0-1593-g7a89b71 (webtiles) character file.

279 Geeful the Changer (level 6, -3/38 HPs)
             Began as an Octopode Transmuter on Mar 20, 2016.
             Shot with an arrow by a centaur (6 damage)
             ... on level 6 of the Dungeon.
             The game lasted 00:09:44 (3631 turns).

Geeful the Changer (Octopode Transmuter)            Turns: 3631, Time: 00:09:44

Health: -3/38      AC:  6    Str:  9    XL:     6   Next: 26%
Magic:  12/12      EV: 12    Int: 15    God:
Gold:   202        SH:  0    Dex: 15    Spells: 2 memorised, 9 levels left

rFire  . . .     SeeInvis .     m - +2 morningstar (protect)
rCold  . . .     Gourm    .     (no shield)
rNeg   . . .     Faith    .     (helmet restricted)
rPois  .         Spirit   .     (no amulet)
rElec  .         Dismiss  .     (no ring)
rCorr  .         Reflect  .     (no ring)
SustAt .         Harm     .     (no ring)
MR     .....                    (no ring)
Stlth  ++........               (no ring)
                                (no ring)
                                (no ring)
                                (no ring)

@: not resistant to hostile enchantments, unstealthy
A: almost no armour, amphibious, 8 rings, constrict 8, camouflage 1, gelatinous
body 1
a: no special abilities


You were on level 6 of the Dungeon.
You were hungry.

You visited 1 branch of the dungeon, and saw 5 of its levels.

You collected 202 gold pieces.

Inventory:

Hand Weapons
 e - the +8 whip of the Morning {vamp, MR- Str+3 Int+2, unknown}
   (You found it on level 6 of the Dungeon)

   It inflicts no extra harm, but heals its wielder somewhat when it strikes a
   living foe.
   It affects your strength (+3).
   It affects your intelligence (+2).
   It affects your resistance to hostile enchantments.
 m - a +2 morningstar of protection (weapon)
Missiles
 a - 26 arrows
 l - 15 arrows of dispersal
 n - 5 tomahawks (quivered)
 p - 21 poisoned needles
Wands
 g - a wand of flame (17/48)
 u - a wand of digging (9/24)
Scrolls
 o - a scroll of teleportation
Potions
 d - 2 potions of curing
 f - 2 potions of heal wounds {unknown}
 i - a potion of agility
 j - a potion of might
 q - a potion of berserk rage {unknown}
 t - a potion of mutation {unknown}
Books
 b - a book of Changes

   Spells                             Type                      Level
   a - Beastly Appendage              Transmutation                1
   b - Sticks to Snakes               Transmutation                2
   c - Spider Form                    Transmutation/Poison         3
   d - Ice Form                       Ice/Transmutation            4
   e - Blade Hands                    Transmutation                5
Comestibles
 c - 3 bread rations
 r - a meat ration
 s - 2 beef jerkies


   Skills:
 - Level 1.0 Fighting
 - Level 2.0 Dodging
 - Level 3.0 Unarmed Combat
 + Level 4.3 Spellcasting
 + Level 4.7 Transmutations


You had 9 spell levels left.
You knew the following spells:

 Your Spells              Type           Power        Failure   Level  Hunger
a - Beastly Appendage     Trmt           ###...       2%          1    None
b - Spider Form           Trmt/Pois      ##........   24%         3    ###....


Dungeon Overview and Level Annotations

Branches:
Dungeon (4/15)
 Temple: D:4-7

Altars:
Elyvilon
Makhleb
Ru

Annotations:
D:6 Pikel; Xenophilius's ghost, novice OpAs


Innate Abilities, Weirdness & Mutations

You cannot wear most types of armour.
You are amphibious.
You can wear up to eight rings at the same time.
You can use your tentacles to constrict eight enemies at once.
Your skin changes colour to match your surroundings (Stealth).
Your rubbery body absorbs attacks (AC +1).


Message History

The slave shouts!
The slave looks frightened! x2
The slave shouts!
The slave looks frightened!
The slave shouts!
The orc looks frightened! x2
The orc shouts!
The orc priest looks frightened!
The orc looks frightened!
The jackal looks frightened!
A jackal, a centaur and a player ghost come into view.
e - a warped whip The jackal barks!
Read which item? (? for menu, Esc to quit)
As you read the scroll of teleportation, it crumbles to dust.
You feel strangely unstable.
Your surroundings seem slightly different.
The centaur wields a shortbow.
The centaur shoots an arrow.
The arrow hits you!
* * * LOW HITPOINT WARNING * * *
The centaur shoots an arrow.
The arrow hits you.
You die...

#h.p.o# .......##
........#
....!..K#
......pp#
###........o#
........W.p.#
..........@####
#...............o
#.......h..##.o?#
#.....c........<.
#............#
#.....ยง...###
##......###
########


You could see Pikel (fleeing), 4 slaves, a centaur, an orc priest (fleeing),
Xenophilius's ghost (wandering), 3 orcs and 2 jackals.

Vanquished Creatures
  A hound (D:3)
  Crazy Yiuf (D:6)
  2 giant frog skeletons
  A worker ant (D:4)
  4 gnolls (D:6)
  2 adders
  An ooze (D:3)
  4 dart slugs
  2 giant geckos
  6 orcs
  6 giant cockroaches
  3 goblins
  4 hobgoblins
  8 jackals
  A kobold (D:3)
  4 quokkas
  7 bats
  4 giant newts
  7 rats
  A fungus (D:6)
69 creatures vanquished.

Notes
Turn   | Place    | Note
--------------------------------------------------------------
     0 | D:1      | Geeful the Octopode Transmuter began the quest for the Orb.
     0 | D:1      | Reached XP level 1. HP: 13/13 MP: 3/3
     6 | D:1      | Noticed a lindwurm
     6 | D:1      | Noticed a komodo dragon
     7 | D:1      | Noticed a polar bear
     7 | D:1      | Noticed a killer bee
   282 | D:1      | Reached XP level 2. HP: 11/18 MP: 3/5
  1104 | D:2      | Reached XP level 3. HP: 16/23 MP: 6/6
  1239 | D:2      | Found a burning altar of Makhleb.
  1239 | D:2      | Noticed a cacodemon
  1634 | D:2      | Found a sacrificial altar of Ru.
  2061 | D:2      | Learned a level 3 spell: Spider Form
  2120 | D:2      | Found a white marble altar of Elyvilon.
  2354 | D:3      | Reached XP level 4. HP: 28/28 MP: 4/8
  2959 | D:3      | Reached XP level 5. HP: 33/33 MP: 10/10
  3271 | D:4      | You fall through a shaft for 2 floors!
  3325 | D:6      | Noticed Crazy Yiuf
  3333 | D:6      | Killed Crazy Yiuf
  3333 | D:6      | Reached XP level 6. HP: 20/38 MP: 8/12
  3623 | D:6      | Noticed Pikel
  3623 | D:6      | Noticed a slave
  3624 | D:6      | Noticed a slave
  3624 | D:6      | Noticed a slave
  3624 | D:6      | Noticed a slave
  3626 | D:6      | Noticed Xenophilius's ghost (novice OpAs)
  3626 | D:6      | Got a warped whip
  3631 | D:6      | Shot with an arrow by a centaur

Vault maps used:
D:1:      onia_arrival_zoo_common
D:2:      makhleb_altar_promises_db, marbit_many_paths,
          nicolae_ru_the_path_less_chosen
D:3:      first_bread
D:4:      kennysheep_big_flooded_room
D:6:      uniq_crazy_yiuf_cottage, uniq_pikel

Skill      XL: |  1  2  3  4  5 |
---------------+----------------+-----
Transmutations | 3 4 |  4.7
Spellcasting   | 3 4 |  4.3
Fighting       | |  1.0
Dodging        | |  2.0
Unarmed Combat | |  3.0

Action                   |  1- 3 |  4- 6 || total
-------------------------+-------+-------++-------
Melee: Unarmed           |    86 |    28 ||   114
       Morningstar       |       |    42 ||    42
 Cast: Beastly Appendage |    13 |       ||    13
       Spider Form       |     1 |     3 ||     4
  Use: Scroll            |     9 |     6 ||    15
       Potion            |       |     3 ||     3
 Stab: Sleeping          |     6 |     4 ||    10
  Eat: Chunk             |     4 |     5 ||     9
